 Dungeon Crawl Stone Soup version 0.28-a0-1080-g05a166d0ed (webtiles) character file.

Game seed: 8561839174552489433

5 Goblin1989 the Skirmisher (level 1, 0/18 HPs)
             Began as a Demonspawn Cinder Acolyte on Dec 9, 2021.
             Was a High Priest of Ignis.
             Slain by a ball python (3 damage)
             ... on level 1 of the Dungeon.
             The game lasted 00:00:59 (74 turns).

Goblin1989 the Skirmisher (Demonspawn Cinder Acolyte) Turns: 74, Time: 00:01:00

Health: 0/18       AC:  2    Str: 14    XL:     1   Next: 66%
Magic:  2/2        EV:  8    Int: 15    God:    Ignis [*****.]
Gold:   0          SH:  0    Dex:  8    Spells: 2/2 levels left

rFire   + . .      SeeInvis .   a - -1 hand axe (flame)
rCold   . . .      Faith    .   (no shield)
rNeg    . . .      Spirit   .   b - +0 robe
rPois   .          Reflect  .   (no helmet)
rElec   .          Harm     .   (no cloak)
rCorr   .          Rampage  .   (no gloves)
Will    .....                   (no boots)
Stlth   +.........              (no amulet)
HPRegen 0.06/turn               (no ring)
MPRegen 0.08/turn               (no ring)

@: constricted
A: no striking features
a: Renounce Religion, Fiery Armour, Foxfire Swarm, Rising Flame


You were on level 1 of the Dungeon.
You worshipped Ignis.
Ignis was extremely pleased with you.
You visited 1 branch of the dungeon, and saw 1 of its levels.

Inventory:

Hand Weapons
 a - a -1 hand axe of flaming (weapon)
Armour
 b - a +0 robe (worn)


   Skills:
 + Level 3.1 Fighting
 * Level 2.9 Axes
 + Level 0.3 Dodging
 - Level 1.0 Spellcasting
 - Level 2.6 Fire Magic


You had 2 spell levels left.
You didn't know any spells.
Your spell library contained the following spells:

 Spells                   Type           Power      Damage    Failure   Level
 Scorch                   Fire           16%        2d6       12%         2


Dungeon Overview and Level Annotations

Branches:
Dungeon (1/15)

Altars:


Message History

The ball python grabs you. The ball python constricts you.
The ball python bites you but does no damage.
The ball python constricts you.
You hit the ball python. You burn the ball python.
The ball python is severely wounded.
The ball python bites you but does no damage.
The ball python constricts you.
You hit the ball python. You burn the ball python.
You kill the ball python!
You hit the dart slug. You burn the dart slug.
The dart slug is moderately wounded.
The dart slug closely misses you.
You hit the dart slug. You burn the dart slug.
The dart slug is heavily wounded.
You hit the dart slug. You burn the dart slug.
You kill the dart slug!
No target in view!
No target in view!
No target in view!
No target in view!
No target in view!
No target in view!
No target in view!
No target in view!
No target in view!
No target in view!
No target in view!
No target in view!
No target in view!
No target in view!
No target in view!
Unknown command.
You see here a dart slug corpse.
A hobgoblin comes into view.
The hobgoblin shouts!
You hear an angry hiss.
A hobgoblin is nearby!
A hobgoblin is nearby!
Unknown command.
A ball python comes into view.
The ball python hisses angrily.
The hobgoblin closely misses you.
You hit the hobgoblin but do no damage.
The hobgoblin hits you but does no damage.
You closely miss the ball python. You hit the hobgoblin.
You burn the hobgoblin. The ball python bites you. The ball python misses you.
The hobgoblin hits you. The ball python barely misses you. x2
You take 2 damage, and have 16/18 hp.
You hit the hobgoblin. You burn the hobgoblin.
You kill the hobgoblin!
You closely miss the ball python. The ball python barely misses you.
The ball python closely misses you.
You barely miss the ball python. The ball python bites you.
The ball python closely misses you.
You take 1 damage, and have 15/18 hp.
You completely miss the ball python. The ball python bites you.
The ball python closely misses you. The ball python completely misses you.
The ball python closely misses you.
You take 2 damage, and have 13/18 hp.
You closely miss the ball python. The ball python barely misses you.
The ball python closely misses you.
You closely miss the ball python. The ball python bites you.
The ball python grabs you. The ball python constricts you.
The ball python bites you. The ball python constricts you.
You take 3 damage, and have 10/18 hp.
You hit the ball python but do no damage.
The ball python bites you.
* * * LOW HITPOINT WARNING * * *
The ball python constricts you.
* * * LOW HITPOINT WARNING * * *
You take 3 damage, and have 7/18 hp.
You completely miss the ball python.
The ball python bites you but does no damage.
The ball python constricts you.
* * * LOW HITPOINT WARNING * * *
You take 1 damage, and have 6/18 hp.
You hit the ball python but do no damage.
The ball python barely misses you. The ball python constricts you.
* * * LOW HITPOINT WARNING * * *
The ball python bites you.
* * * LOW HITPOINT WARNING * * *
The ball python constricts you.
* * * LOW HITPOINT WARNING * * *
You take 3 damage, and have 3/18 hp.
You barely miss the ball python. The ball python barely misses you.
The ball python constricts you.
You escape the ball python's grasp.
The ball python closely misses you. The ball python grabs you.
The ball python constricts you.
You escape the ball python's grasp.
You see here a dart slug corpse.
You closely miss the ball python. The ball python bites you.
* * * LOW HITPOINT WARNING * * *
The ball python grabs you. The ball python constricts you.
You take 1 damage, and have 3/18 hp.
You closely miss the ball python. The ball python bites you.
You die... . █.....██.. ..████████████.█....█ ...................... .[.........███........ ...........█ █████████ ...........█ ████████.███ █S█ ██████

█@█ ████♣.♣♣.██
█.█ █§§♣♣.♣.♣.♣ ██
█.██♣§♣.♣8(8.♣♣§§
█..█§♣♣.8...8♣.♣
██.♣§♣♣8..Ψ.☼8.♣..
█.♣♣.8......§8§♣
█......Ψ.<(Ψ.○♣♣
██♣.♣8.......8♣
♣.♣.8..Ψ..8.♣


You could see a ball python.

Vanquished Creatures
  A dart slug (D:1)
  A hobgoblin (D:1)
  A ball python (D:1)
  A rat (D:1)
4 creatures vanquished.

Notes
Turn   | Place    | Note
-------+----------+-------------------------------------------
     0 | D:1      | Goblin1989 the Demonspawn Cinder Acolyte began the quest
                  | for the Orb.
     0 | D:1      | Reached XP level 1. HP: 18/18 MP: 2/2
    74 | D:1      | Slain by a ball python

Illustrated notes

Levels and vault maps discovered:
D:1:      heliophobic_arrival_enchanted_forest, layout_basic,
          chequers_ecumenical_altar_simple_redux, palyth_stone_intersect

Action                   || total
-------------------------++-------
Melee: Hand axe          ||    19
Armor: Robe              ||     4
Dodge: Dodged            ||    17

Table legend: (Time is in decaauts)
 A = Elapsed time spent in this place.
 B = Non-inter-level travel time spent in this place.
 C = Inter-level travel time spent in this place.
 D = Time resting spent in this place.
 E = Time spent auto-exploring this place.
 F = Levels seen in this place.
 G = Mean time per level.
                   A        B        C        D        E       F      G
               +--------+--------+--------+--------+--------+-----+--------+
         Total |     76 |     76 |      0 |      0 |     32 |   1 |   76.0 |
       Dungeon |     76 |     76 |      0 |      0 |     32 |   1 |   76.0 |
               +--------+--------+--------+--------+--------+-----+--------+

Top non-repeatable levels by time:
     D:1: 76 daAuts
